 Dungeon Crawl Stone Soup version 0.22.1-2-g9c5b331 (webtiles) character file.

645 PaladinM the Carver (level 7, -7/52 HPs)
             Began as a Human Fighter on Jan 1, 2019.
             Shot with an arrow by a centaur (10 damage)
             ... on level 7 of the Dungeon.
             The game lasted 00:24:22 (3449 turns).

PaladinM the Carver (Human Fighter)                 Turns: 3449, Time: 00:24:23

Health: -7/52      AC: 10    Str: 19    XL:     7   Next: 82%
Magic:  7/7        EV:  5    Int: 10    God:
Gold:   190        SH:  9    Dex: 16    Spells: 6/6 levels left

rFire    . . .     SeeInvis +   w - +3 hunting sling "Joateo" {flame, rElec Int+2 Dex+4} (curse)
rCold    . . .     Gourm    .   c - +0 shield
rNeg     . . .     Faith    .   q - +0 chain mail
rPois    .         Spirit   .   (no helmet)
rElec    +         Reflect  .   (no cloak)
rCorr    .         Harm     .   (no gloves)
MR       .....                  b - +0 pair of boots
Stlth    ..........             h - amulet of magic regeneration (curse)
HPRegen  0.17/turn              l - ring of see invisible
MPRegen  0.35/turn              v - ring of flight

@: very slightly contaminated
A: no striking features
a: Evoke Flight


You were on level 7 of the Dungeon.
You were near starving.

You visited 1 branch of the dungeon, and saw 7 of its levels.

You collected 190 gold pieces.

Inventory:

Hand Weapons
 a - a +0 long sword
 g - a +1 dagger of venom
 w - the cursed +3 hunting sling "Joateo" (weapon) {flame, rElec Int+2 Dex+4}
   (You found it on level 4 of the Dungeon)

   It causes projectiles fired from it to burn those they strike, causing extra
   injury to most foes and up to half again as much damage against particularly
   susceptible opponents.
   It affects your intelligence (+2).
   It affects your dexterity (+4).
   It insulates you from electricity.
   It has a curse placed upon it.
Missiles
 s - 4 javelins of returning (quivered)
Armour
 b - a +0 pair of boots (worn)
 c - a +0 shield (worn)
 q - a +0 chain mail (worn)
 u - a +1 scale mail of cold resistance
Jewellery
 h - a cursed amulet of magic regeneration (around neck)
 l - a ring of see invisible (left hand)
 v - a ring of flight (right hand)
Scrolls
 i - a scroll of enchant weapon
 n - 2 scrolls of enchant armour
 t - a scroll of fog
Potions
 d - 2 potions of might
 e - 2 potions of curing {unknown}
 k - a potion of flight {unknown}
 o - a potion of cancellation
 p - a potion of lignification {unknown}
 r - a potion of berserk rage
Comestibles
 f - 7 rations


   Skills:
 - Level 3.0 Fighting
 + Level 8.2 Long Blades
 - Level 3.0 Armour
 - Level 3.0 Shields


You had 6 spell levels left.
You didn't know any spells.
Your spell library was empty.

Dungeon Overview and Level Annotations

Branches:
Dungeon (8/15)
 Temple: D:4-7         Lair: D:8-11

Altars:
Ashenzari
Trog

Shops:
D:4 :

Annotations:
D:3 2 transporters, diana's ghost, amateur SpEn


Message History

The orc wizard barely misses you. The kobold hits you but does no damage.
You block the kobold's attack.
You climb upwards.
The bullfrog hits you.
* * * LOW HITPOINT WARNING * * *
There is a stone staircase leading down here.
Okay, then.
Blink to where?
Press: ? - help, Dir - move target cursor You are very lightly contaminated with residual magic.
As you read the scroll of blinking, it crumbles to dust.
You are near starving!
You see here a stone.
You see here 2 emerald potions.
The centaur shoots an arrow.
The arrow hits you.
* * * LOW HITPOINT WARNING * * *
You see here an arrow.
The centaur shoots an arrow.
The arrow hits you.
* * * LOW HITPOINT WARNING * * *
The centaur shoots an arrow.
The arrow hits you!
You die...

....ยง....K....#
#### ..
.....KKK....(.#
....$..
#.....o......##
.......
##........$..(#
###.##...#
#######.####(###
##.......# #.#
#...###..#....# ...
###!....#...# . .
#####F...<..#
#...@o...........
....................
.."....F...####.###.
$..........c. ...
............... .##
..........####. #
.....K.....
##########K. .....#


You could see 2 bullfrogs, a centaur, an orc and 2 kobolds.

Vanquished Creatures
  Sigmund (D:2)
  An ogre (D:3)
  2 orc priests
  4 orc wizards (D:4)
  Natasha (twice) (D:3)
  A worker ant (D:4)
  Ijyb (D:3)
  A howler monkey skeleton (D:4)
  4 adders
  An adder skeleton (D:3)
  A worm (D:1)
  5 leopard geckos
  12 orcs
  A ball python (D:2)
  6 bats
  A giant cockroach (D:3)
  11 goblins
  4 hobgoblins (D:1)
  10 jackals
  10 kobolds
  2 quokkas
  2 frilled lizards
  5 rats
88 creatures vanquished.

Notes
Turn   | Place    | Note
-------+----------+-------------------------------------------
     0 | D:1      | PaladinM the Human Fighter began the quest for the Orb.
     0 | D:1      | Reached XP level 1. HP: 18/18 MP: 1/1
    41 | D:1      | Reached XP level 2. HP: 24/24 MP: 2/2
   137 | D:1      | Reached skill level 3 in Long Blades
   261 | D:1      | Reached XP level 3. HP: 23/29 MP: 3/3
   276 | D:1      | Found a shattered altar of Ashenzari.
   998 | D:2      | Noticed Sigmund
  1361 | D:2      | Reached skill level 4 in Long Blades
  1361 | D:2      | Reached XP level 4. HP: 35/35 MP: 4/4
  1570 | D:2      | Killed Sigmund
  1570 | D:2      | Reached skill level 5 in Long Blades
  1570 | D:2      | Reached XP level 5. HP: 22/41 MP: 5/5
  1570 | D:2      | Reached XP level 6. HP: 25/47 MP: 6/6
  1624 | D:2      | Reached skill level 6 in Long Blades
  1883 | D:3      | Noticed an ogre
  1909 | D:3      | Killed an ogre
  1951 | D:3      | Noticed Ijyb
  1969 | D:3      | Killed Ijyb
  2058 | D:3      | Reached skill level 7 in Long Blades
  2058 | D:3      | Reached XP level 7. HP: 42/52 MP: 7/7
  2097 | D:3      | Found a transporter.
  2097 | D:3      | Noticed diana's ghost (amateur SpEn)
  2102 | D:3      | Found a transporter.
  2267 | D:3      | Noticed Natasha
  2277 | D:3      | Killed Natasha
  2322 | D:3      | Found a bloodstained altar of Trog.
  2385 | D:3      | Noticed Natasha
  2396 | D:3      | Killed Natasha
  2636 | D:4      | Reached skill level 8 in Long Blades
  2973 | D:4      | Found Qaank's Book Emporium.
  3131 | D:4      | Got an encrusted hunting sling
  3135 | D:4      | Identified the cursed +3 hunting sling "Joateo" {flame,
                  | rElec Int+2 Dex+4} (You found it on level 4 of the Dungeon)
  3250 | D:4      | You fall through a shaft for 3 floors!
  3449 | D:7      | Shot with an arrow by a centaur

Skill      XL: |  1  2  3  4  5  6  7 |
---------------+----------------------+-----
Long Blades    | 3 4 5 7 8 |  8.2
Fighting       | |  3.0
Armour         | |  3.0
Shields        | |  3.0

Action                   |  1- 3 |  4- 6 |  7- 9 || total
-------------------------+-------+-------+-------++-------
Melee: Long sword        |    10 |       |       ||    10
       Dagger            |   136 |   112 |   124 ||   372
       Hunting sling     |       |       |     5 ||     5
       Unarmed           |       |       |     1 ||     1
  Use: Scroll            |       |     5 |     6 ||    11
  Eat: Chunk             |     1 |     3 |     3 ||     7
Armor: Scale mail        |    68 |    14 |       ||    82
       Chain mail        |       |    30 |    98 ||   128
       Skin              |       |       |     2 ||     2
Dodge: Dodged            |    54 |    30 |    37 ||   121
Block: Shield            |    87 |    50 |    74 ||   211
       Rpst.: Long sword |     1 |       |       ||     1
